 Dungeon Crawl Stone Soup version 0.30-a0-4-ga7cffc901d (webtiles) character file.

Game seed: 4639289087697964536

42 voltaire321 the Stinger (level 3, 0/26 HPs)
             Began as a Demonspawn Venom Mage on Aug 22, 2022.
             Slain by an orc wizard
             ... wielding a +0 dagger
              (1 damage)
             ... on level 2 of the Dungeon.
             The game lasted 00:05:34 (1343 turns).

voltaire321 the Stinger (Demonspawn Venom Mage)     Turns: 1343, Time: 00:05:35

Health: 0/26       AC:  4    Str:  8    XL:     3   Next: 33%
Magic:  6/6        EV: 12    Int: 18    God:
Gold:   93         SH:  0    Dex: 13    Spells: 5/6 levels left

rFire   . . .      SeeInvis .    f - +3 short sword
rCold   . . .      Faith    .    (no shield)
rNeg    . . .      Spirit   .    a - +0 robe
rPois   .          Reflect  .    (no helmet)
rElec   .          Harm     .    k - scarf {repulsion}
rCorr   .          Rampage  .    (no gloves)
Will    .....                    j - +0 pair of boots
Stlth   ++........               (no amulet)
HPRegen 0.08/turn                (no ring)
MPRegen 0.10/turn                (no ring)

@: repel missiles
A: spiny 1, sharp scales 1
a: no special abilities


You were on level 2 of the Dungeon.
You visited 1 branch of the dungeon, and saw 2 of its levels.

You collected 93 gold pieces.

Inventory:

Hand Weapons
 f - a +3 short sword (weapon)
Armour
 a - a +0 robe (worn)
 i - a +2 buckler
 j - a +0 pair of boots (worn)
 k - a scarf of repulsion (worn)
Scrolls
 c - 2 scrolls of teleportation {unknown}
 e - 2 scrolls of identify {unknown}
 l - a scroll of fog {unknown}
 m - 3 scrolls of amnesia {unknown}
 n - a scroll of enchant armour {unknown}
 o - a scroll of vulnerability {unknown}
Potions
 b - a potion of magic
 d - a potion of cancellation {unknown}
 g - 3 potions of lignification {unknown}
 h - a potion of brilliance {unknown}


   Skills:
 + Level 1.1 Fighting
 + Level 2.2 Dodging
 - Level 1.7 Stealth
 + Level 0.7 Shields
 + Level 2.3 Spellcasting
 - Level 1.0 Transmutations
 + Level 3.3 Poison Magic


You had 5 spell levels left.
You knew the following spells:

 Your Spells              Type           Power      Damage    Failure   Level
a - Sting                 Tmut/Pois      40%        1d5       7%          1

Your spell library contained the following spells:

 Spells                   Type           Power      Damage    Failure   Level
 Poisonous Vapours        Pois/Air       16%        N/A       13%         2
 Mephitic Cloud           Conj/Pois/Air  6%         N/A       32%         3
 Olgreb's Toxic Radiance  Pois           14%        N/A       41%         4


Dungeon Overview and Level Annotations

Branches:
Dungeon (2/15)

Altars:


Innate Abilities, Weirdness & Mutations

You are partially covered in sharp spines.
You are partially covered in razor-sharp scales. (AC +1, Slay +1)


Message History

The orc attacks as you move away! The orc closely misses you.
You kill the orc!
A puff of flame appears from out of thin air!
The puff of flame hits you.
A puff of flame appears from out of thin air!
The puff of flame hits you!
You are confused.
You bump into the rock wall.
A magic dart appears from out of thin air!
The magic dart hits you.
* * * LOW HITPOINT WARNING * * *
A puff of flame appears from out of thin air!
The puff of flame is repelled.
You bump into the rock wall.
You feel less confused.
A puff of flame appears from out of thin air!
The puff of flame misses you.
An orc wizard appears from thin air!
Reactivating autopickup.
Casting: Sting (safe; 7% risk of failure)
Confirm with . or Enter, or press ? or * to list all spells.
You can't see any susceptible monsters within range! (Use Z to cast anyway.) Unknown command.
The orc wizard gestures at you while chanting.
The magic dart hits you.
* * * LOW HITPOINT WARNING * * *
The orc wizard gestures at you while chanting.
You are confused.
The orc wizard casts a spell at you. The magic dart hits you.
* * * LOW HITPOINT WARNING * * *
You bump into the rock wall.
You're too confused to cast spells.
Sorry, you're not good enough to have a special ability.
Unknown command.
You bump into the rock wall.
You bump into the rock wall.
You feel less confused.
The orc wizard hits you with a +0 dagger.
You die...

#.#.###.##....# ######
#.#..<#.##....# #.....
#.#...#.##.o..# #.....
#.#.#.#.##.o..# #.....
#)#...#.##....# #.....
#.#####.##....# #.....
#.#.....##....+ +.....
#######.#.#######...###.....
#..........@o.o.............
##.####.#.##################
#)# #.#........# #.#
#.########.# #o# #.# #.# #.#
#.# #.# #o# #.# #.# #.# #.#
#># #.# #.#


You could see an orc wizard and an orc.

Vanquished Creatures
  An adder (D:2)
  3 orcs (D:2)
  A ball python (D:1)
  5 bats (D:1)
  2 giant cockroaches (D:1)
  2 goblins
  4 hobgoblins (D:1)
  2 quokkas (D:1)
  3 kobolds
  4 rats
27 creatures vanquished.

Notes
Turn   | Place    | Note
-------+----------+-------------------------------------------
     0 | D:1      | voltaire321 the Demonspawn Venom Mage began the quest for
                  | the Orb.
     0 | D:1      | Reached XP level 1. HP: 13/13 MP: 3/3
    71 | D:1      | Reached skill level 1 in Transmutations
   433 | D:1      | Gained mutation: You are partially covered in sharp spines.
                  | [demonic ancestry]
   433 | D:1      | Reached XP level 2. HP: 20/20 MP: 1/5
   565 | D:1      | Found a faded altar of an unknown god.
  1143 | D:2      | Reached skill level 1 in Fighting
  1143 | D:2      | Gained mutation: You are partially covered in razor-sharp
                  | scales. (AC +1, Slay +1) [demonic ancestry]
  1143 | D:2      | Reached XP level 3. HP: 19/26 MP: 2/6
  1339 | D:2      | HP: 1/26 [orc wizard/magic dart (5)]
  1343 | D:2      | Slain by an orc wizard

Illustrated notes

Levels and vault maps discovered:
D:1:      dpeg_arrival_three_bigger_balls, layout_basic,
          hellmonk_ecumenical_altar_pennies_from_heaven
D:2:      layout_basic

Skill      XL: |  1  2 |
---------------+-------+-----
Transmutations | 1 |  1.0
Dodging        | 2 |  2.2
Fighting       | 1 |  1.1
Stealth        | |  1.7
Shields        | |  0.7
Spellcasting   | |  2.3
Poison Magic   | |  3.3

Action                   || total
-------------------------++-------
Melee: Short sword       ||    22
       Dagger            ||     3
       Unarmed           ||     1
 Cast: Sting             ||    24
Armor: Robe              ||     5
Dodge: Dodged            ||    23
       Repelled          ||     1

Table legend: (Time is in decaauts)
 A = Elapsed time spent in this place.
 B = Non-inter-level travel time spent in this place.
 C = Inter-level travel time spent in this place.
 D = Time resting spent in this place.
 E = Time spent auto-exploring this place.
 F = Levels seen in this place.
 G = Mean time per level.
                   A        B        C        D        E       F      G
               +--------+--------+--------+--------+--------+-----+--------+
         Total |   1345 |   1342 |      3 |    250 |    725 |   2 |  672.5 |
       Dungeon |   1345 |   1342 |      3 |    250 |    725 |   2 |  672.5 |
               +--------+--------+--------+--------+--------+-----+--------+

Top non-repeatable levels by time:
     D:1: 925 daAuts
     D:2: 420 daAuts
